 Dungeon Crawl Stone Soup version 0.17.1-3-g152610e (webtiles) character file.

752 jacquesderrida the Summoner (level 7, -4/46 HPs)
             Began as a Demonspawn Summoner on Apr 28, 2016.
             Was a Follower of Ashenzari.
             Shot with an arrow by a centaur (15 damage)
             ... on level 8 of the Dungeon.
             The game lasted 00:22:09 (3597 turns).

jacquesderrida the Summoner (Demonspawn Summoner)   Turns: 3597, Time: 00:22:09

Health: -4/46      AC:  8    Str: 10    XL:     7   Next: 49%
Magic:  6/10       EV: 22    Int: 16    God:    Ashenzari [*.....]
Gold:   248        SH:  0    Dex: 21    Spells: 3 memorised, 2 levels left

rFire  . . .     SeeInvis +     l - +3 whip of Irritation {vamp, rElec Str+2 Dex+2} (curse)
rCold  . . .     Clarity  .     a - +1 robe
rNeg   . . .     SustAt   .     (no shield)
rPois  .         Gourm    .     (helmet unavailable)
rElec  +         Spirit   .     q - +2 cloak
rCorr  .         Warding  .     (no gloves)
rMut   .         Stasis   .     (no boots)
MR     +....                    (no amulet)
Stlth  +++.......               g - ring of protection from magic
                                k - +4 ring of evasion (curse)

@: agile, somewhat resistant to hostile enchantments, fairly stealthy
A: antennae 3, thin metallic scales 1, dopey 1, powered by pain 1
a: Scrying, Renounce Religion


You were on level 8 of the Dungeon.
You worshipped Ashenzari.
Ashenzari was aware of your devotion.
You were very hungry.

You visited 2 branches of the dungeon, and saw 9 of its levels.
You also visited: Sewer.

You collected 248 gold pieces.

Inventory:

Hand Weapons
 b - a +0 blowgun
 l - the cursed +3 whip of Irritation (weapon) {vamp, rElec Str+2 Dex+2}
   (You found it on level 6 of the Dungeon)

   It inflicts no extra harm, but heals its wielder somewhat when it strikes a
   living foe.
   It affects your strength (+2).
   It affects your dexterity (+2).
   It insulates you from electricity.
   It has a curse placed upon it.
 s - a +0 trident
Missiles
 e - 5 tomahawks (quivered)
 j - 42 poisoned needles
Armour
 a - a +1 robe (worn)
 q - a +2 cloak (worn)
Jewellery
 g - a ring of protection from magic (right hand)
 k - a cursed +4 ring of evasion (left hand)
 o - an uncursed ring of protection from fire
Wands
 h - a wand of frost (28)
 p - a wand of paralysis (8)
Scrolls
 r - 2 scrolls of curse armour
 u - a scroll of identify
 v - a scroll of fear
 y - a scroll of recharging
Potions
 i - a potion of poison
 n - a potion of lignification
 w - a potion of magic
 x - a potion of might
Books
 d - a book of Callings

   Spells                             Type                      Level
   a - Summon Small Mammal            Summoning                    1
   b - Call Imp                       Summoning                    2
   c - Call Canine Familiar           Summoning                    3
   d - Summon Guardian Golem          Hexes/Summoning              3
   e - Summon Lightning Spire         Summoning/Air                4
   f - Summon Ice Beast               Ice/Summoning                4
 f - a book of Ice

   Spells                             Type                      Level
   a - Ice Form                       Ice/Transmutation            4
   b - Metabolic Englaciation         Hexes/Ice                    5
   c - Ozocubu's Refrigeration        Ice                          6
   d - Bolt of Cold                   Conjuration/Ice              6
   e - Freezing Cloud                 Conjuration/Ice/Air          6
   f - Simulacrum                     Ice/Necromancy               6
 t - a book of Spatial Translocations

   Spells                             Type                      Level
   a - Apportation                    Translocation                1
   b - Blink                          Translocation                2
   c - Shroud of Golubria             Charms/Translocation         2
   d - Portal Projectile              Translocation                3
   e - Teleport Other                 Translocation                3
   f - Passage of Golubria            Translocation                4
Comestibles
 c - 3 bread rations
 m - 2 meat rations


   Skills:
 + Level 2.0 Polearms
 - Level 1.7 Dodging
 - Level 1.7 Stealth
 - Level 2.0 Spellcasting
 + Level 9.0 Summonings


You had 2 spell levels left.
You knew the following spells:

 Your Spells              Type           Power        Failure   Level  Hunger
a - Summon Guardian Gole  Hex/Summ       ###.....     12%         3    ###....
b - Call Imp              Summ           ####....     1%          2    ###....
c - Call Canine Familiar  Summ           ####....     1%          3    ###....


Dungeon Overview and Level Annotations

Branches:
Dungeon (8/15)             Temple (1/1) D:4
   Lair: D:8-11

Altars:
Ashenzari
Cheibriados
Elyvilon
Fedhas
Gozag
Kikubaaqudgha
Nemelex Xobeh
Okawaru
Qazlal
Sif Muna
Trog
Xom
Zin
The Shining One

Annotations:
D:8 Prince Ribbit


Innate Abilities, Weirdness & Mutations

You have a pair of large antennae on your head (SInv).
You are partially covered in thin metallic scales (AC +2).
You sometimes gain a little power by taking damage.
You are dopey. (Int -2)


Message History

An eye of draining comes into view.
Your hound bites the centaur but does no damage.
Your crimson imp hits the centaur.
The centaur shoots an arrow.
The arrow hits your hound.
Your hound barely misses the centaur.
Unknown command.
The eye of draining turns its gaze towards you.
The centaur shoots an arrow.
The arrow hits your hound!
Your hound dies!
Your hound's corpse disappears in a puff of smoke!
The eye of draining gazes at you.
You feel your power leaking away.
The centaur shoots an arrow.
The arrow barely misses you.
Prince Ribbit blinks!
You see here an arrow.
The centaur shoots an arrow.
The arrow misses you.
You see here an arrow.
Drink which item? (? for menu, Esc to quit)
Okay, then.
The centaur shoots an arrow.
The arrow hits you!
You die...

##### #################...#
............@.......#####
######.#####....)...)..#
######.#####c######.##.#
#.......c...8.......##.####
#.###..###{.G...........).#
##.###5{###{.........##.##s##
#...Z(((((ยง...............5..
.c...###8.###............<##.##
##. #..# #..........#.###.#


You could see an eye of draining and a centaur.

Vanquished Creatures
  A phantom (D:6)
  2 scorpions (D:5)
  A hound (D:7)
  3 worker ants
  An adder (D:4)
  2 river rats (Sewer)
  An orc (D:5)
  4 ball pythons
  A giant cockroach (D:7)
  A hobgoblin (D:2)
  2 jackals (D:3)
  A quokka (D:5)
  2 giant geckos
  3 giant newts
  2 rats
27 creatures vanquished.

Vanquished Creatures (collateral kills)
  An ogre (D:6)
  A big kobold (D:8)
  A scorpion (D:8)
  A killer bee (D:7)
  A wight (D:8)
  A vampire bat (D:5)
  A crimson imp (D:6)
  2 jellies (D:5)
  A hound (D:8)
  2 giant frog skeletons
  A worker ant (D:8)
  2 orc wizards (D:5)
  An orc priest (D:5)
  Natasha (D:3)
  4 adders
  A worker ant zombie (D:6)
  A gnoll (D:6)
  A river rat (Sewer)
  2 shadow imps
  2 oozes (D:1)
  2 worms
  2 giant geckos
  6 orcs
  A bat skeleton (D:5)
  4 bat zombies (D:5)
  3 giant cockroaches
  3 goblins
  7 hobgoblins
  6 kobolds
  A quokka (D:4)
  A sheep (D:5)
  2 ball pythons (Sewer)
  3 bats (D:1)
  A giant gecko skeleton (D:6)
  3 giant newts (Sewer)
  6 jackals
  7 rats
86 creatures vanquished.

Grand Total: 113 creatures vanquished

Notes
Turn   | Place    | Note
--------------------------------------------------------------
     0 | D:1      | jacquesderrida the Demonspawn Summoner began the quest for the Orb.
     0 | D:1      | Reached XP level 1. HP: 13/13 MP: 3/3
   236 | D:1      | Gained mutation: You are partially covered in thin metallic scales (AC +2). [demonic ancestry]
   236 | D:1      | Reached XP level 2. HP: 16/19 MP: 0/5
   365 | D:1      | Learned a level 2 spell: Call Imp
   496 | D:2      | Found a deep blue altar of Sif Muna.
   578 | D:2      | Reached skill level 5 in Summonings
   601 | D:3      | Gained mutation: You have a pair of small antennae on your head. [demonic ancestry]
   601 | D:3      | Reached XP level 3. HP: 21/24 MP: 0/6
   662 | D:3      | Gained mutation: You are dopey. (Int -2) [potion of mutation]
   662 | D:3      | Gained mutation: You have a pair of antennae on your head. [potion of mutation]
   713 | D:3      | Learned a level 3 spell: Call Canine Familiar
   767 | D:3      | Noticed Natasha
   795 | D:3      | Killed Natasha
  1081 | D:4      | Reached XP level 4. HP: 27/30 MP: 5/7
  1165 | D:4      | Found a staircase to the Ecumenical Temple.
  1171 | Temple   | Entered the Ecumenical Temple
  1184 | Temple   | Became a worshipper of Ashenzari the Shackled
  1245 | D:4      | Found an opulent altar of Gozag.
  1245 | D:4      | Found a glowing golden altar of the Shining One.
  1294 | D:5      | Entered Level 5 of the Dungeon
  1310 | D:5      | Reached skill level 6 in Summonings
  1373 | D:5      | Reached XP level 5. HP: 35/35 MP: 8/8
  1424 | D:5      | Found a glowing drain.
  1432 | Sewer    | Entered a sewer
  1626 | Sewer    | Reached skill level 7 in Summonings
  1963 | D:5      | Found an iron altar of Okawaru.
  2072 | D:5      | Found a shimmering altar of Xom.
  2108 | D:5      | Found an ancient bone altar of Kikubaaqudgha.
  2122 | D:5      | Gained mutation: You have a pair of large antennae on your head (SInv). [demonic ancestry]
  2122 | D:5      | Reached XP level 6. HP: 41/41 MP: 4/9
  2414 | D:6      | Learned a level 3 spell: Summon Guardian Golem
  2510 | D:6      | Reached skill level 8 in Summonings
  2735 | D:6      | Gained mutation: You sometimes gain a little power by taking damage. [demonic ancestry]
  2735 | D:6      | Reached XP level 7. HP: 35/46 MP: 4/10
  2762 | D:6      | Reached * piety under Ashenzari
  2767 | D:6      | Got the cursed whip of Irritation {vamp, rElec Str+2 Dex+2}
  2776 | D:6      | Identified the cursed +3 whip of Irritation {vamp, rElec Str+2 Dex+2} (You found it on level 6 of the Dungeon)
  2783 | D:6      | Found a shimmering altar of Xom.
  3121 | D:7      | Noticed a deep elf mage
  3212 | D:8      | Noticed Prince Ribbit
  3276 | D:8      | Reached skill level 1 in Polearms
  3457 | D:8      | Reached skill level 9 in Summonings
  3597 | D:8      | Shot with an arrow by a centaur

Action                   |  1- 3 |  4- 6 |  7- 9 || total
-------------------------+-------+-------+-------++-------
Melee: Unarmed           |     4 |       |       ||     4
       Mace              |     6 |       |       ||     6
       Dagger            |       |    14 |       ||    14
       Whip              |       |       |    39 ||    39
       Trident           |       |       |     1 ||     1
 Fire: Blowgun           |     9 |    53 |       ||    62
Throw: Tomahawk          |     6 |       |       ||     6
 Cast: Summon Small Mamm |    19 |       |       ||    19
       Call Imp          |    11 |     9 |     2 ||    22
       Call Canine Famil |     4 |    14 |    10 ||    28
       Summon Guardian G |       |       |     4 ||     4
  Use: Potion            |     1 |     3 |     3 ||     7
       Scroll            |       |    10 |     4 ||    14
 Stab: Sleeping          |     5 |     9 |     2 ||    16
       Distracted        |       |     1 |       ||     1
  Eat: Chunk             |     2 |     5 |     1 ||     8
       Beef jerky        |       |     1 |       ||     1
       Fruit             |       |       |     3 ||     3
       Bread ration      |       |       |     1 ||     1
       Pizza             |       |       |     1 ||     1
